 Dungeon Crawl Stone Soup version 0.16.2-12-gd0ad4c3 (webtiles) character file.

37 Goblin1989 the Grasshopper (level 3, 0/40 HPs)
             Began as a Demonspawn Warper on Mar 15, 2017.
             Succumbed to an adder's poison
             ... on level 2 of the Dungeon.
             The game lasted 00:02:46 (1656 turns).

Goblin1989 the Grasshopper (Demonspawn Warper)      Turns: 1656, Time: 00:02:46

Health: 0/40       AC: 21    Str: 11    XL:     3   Next: 23%
Magic:  6/6        EV:  2    Int: 15    God:
Gold:   100        SH:  0    Dex: 12    Spells: 1 memorised, 5 levels left

rFire  . . .     SeeInvis .       - Unarmed
rCold  . . .     Clarity  .     b - melded +0 leather armour
rNeg   + + +     SustAb   .     (no shield)
rPois  +         Gourm    .     (helmet currently unavailable)
rElec  .         Spirit   .     (cloak currently unavailable)
rCorr  .         Warding  .     (gloves currently unavailable)
rMut   .         NoTele   +     (boots currently unavailable)
MR     .....                    (no amulet)
Stlth  +.........               (no ring)
                                (no ring)

@: lethally poisoned (0 -> -5), tree-form, very slightly contaminated, hasted,
very quick, not resistant to hostile enchantments, very unstealthy
A: (claws 0)
a: no special abilities


You were on level 2 of the Dungeon.
You were hungry.
You were a tree.
You visited 1 branch of the dungeon, and saw 2 of its levels.

You collected 100 gold pieces.

Inventory:

Missiles
 f - 5 tomahawks of dispersal (quivered)
Armour
 b - a +0 leather armour (melded)
Jewellery
 i - a ring of protection from fire {unknown}
Scrolls
 d - a scroll of random uselessness {unknown}
 g - 4 scrolls of identify {unknown}
 j - a scroll of teleportation {unknown}
 k - a scroll of immolation {unknown}
 n - a scroll of magic mapping {unknown}
 B - 2 scrolls of blinking
Potions
 h - a potion of haste
Books
 c - a book of Spatial Translocations

   Spells                             Type                      Level
   a - Apportation                    Translocation                1
   b - Blink                          Translocation                2
   c - Shroud of Golubria             Charms/Translocation         2
   d - Portal Projectile              Translocation                3
   e - Teleport Other                 Translocation                3
   f - Passage of Golubria            Translocation                4
Comestibles
 e - 2 bread rations {@e1}


   Skills:
 - Level 2.0 Fighting
   Level 2.5 Axes
 - Level 0.8 Throwing
 - Level 0.8 Armour
 - Level 1.7 Dodging
 + Level 1.9 Unarmed Combat
 - Level 2.0 Spellcasting
 - Level 2.6 Translocations


You had 5 spell levels left.
You knew the following spells:

 Your Spells              Type           Power        Failure   Level  Hunger
o - Apportation           Tloc           #.........   10%         1    #......


Dungeon Overview and Level Annotations

Branches:
Dungeon (2/15)

Altars:
Dithmenos
Gozag


Innate Abilities, Weirdness & Mutations

((You have sharp fingernails.))


Message History

The adder is lightly wounded.
You feel sick. The adder misses you.
You take 1 damage, and have 19/27 hp.
You scratch the adder but do no damage.
The adder is lightly wounded.
You feel sick. The adder barely misses you.
You take 1 damage, and have 18/27 hp.
You scratch the adder.
The adder is heavily wounded.
The adder barely misses you. x2
You barely miss the adder.
The adder is heavily wounded.
The adder barely misses you.
You closely miss the adder.
The adder is heavily wounded.
You feel sick. The adder barely misses you.
You take 1 damage, and have 17/27 hp.
You completely miss the adder.
The adder is heavily wounded.
The adder bites you.
You are more poisoned.
The adder poisons you!
You take 4 damage, and have 13/27 hp.
You barely miss the adder.
The adder is moderately wounded.
You feel sick. The adder misses you.
You take 1 damage, and have 12/27 hp.
You scratch the adder.
The adder is severely wounded.
You feel sick. The adder bites you.
* * * LOW HITPOINT WARNING * * *
You are more poisoned.
The adder poisons you! The adder bites you.
* * * LOW HITPOINT WARNING * * *
You take 5 damage, and have 7/27 hp.
Drink which item? (? for menu, Esc to quit)
It was a potion of restore abilities.
You feel refreshed.
* * * LOW HITPOINT WARNING * * *
You feel sick. The adder bites you but does no damage.
You take 1 damage, and have 6/27 hp.
Drink which item? (? for menu, Esc to quit)
It was a potion of haste.
You feel yourself speed up.
* * * LOW HITPOINT WARNING * * *
You feel sick. The adder bites you but does no damage.
You are very lightly contaminated with residual magic.
You take 1 damage, and have 5/27 hp.
Drink which item? (? for menu, Esc to quit)
It was a potion of lignification.
You turn into a tree.
Your +0 leather armour melds into your body.
Your roots penetrate the ground.
* * * LOW HITPOINT WARNING * * *
You feel sick. The adder bites you but does no damage.
You now have 7/40 hp.
Drink which item? (? for menu, Esc to quit)
It was a potion of flight.
Your roots keep you in place.
The adder bites you but does no damage.
You hit the adder.
You kill the adder!
* * * LOW HITPOINT WARNING * * *
You feel sick.
You take 1 damage, and have 6/40 hp.
You cannot move.
You cannot move.
You cannot move.
Drink which item? (? for menu, Esc to quit)
Okay, then.
You swing at nothing.
* * * LOW HITPOINT WARNING * * *
You feel sick.
You take 1 damage, and have 5/40 hp.
You swing at nothing.
You swing at nothing.
* * * LOW HITPOINT WARNING * * *
You feel sick.
You take 1 damage, and have 4/40 hp.
You swing at nothing.
You swing at nothing.
* * * LOW HITPOINT WARNING * * *
You feel sick.
You take 1 damage, and have 3/40 hp.
You swing at nothing.
You swing at nothing.
* * * LOW HITPOINT WARNING * * *
You feel sick.
You take 1 damage, and have 2/40 hp.
You swing at nothing.
You swing at nothing.
You are feeling hungry.
* * * LOW HITPOINT WARNING * * *
You feel sick.
You take 1 damage, and have 1/40 hp.
You swing at nothing.
You swing at nothing.
* * * LOW HITPOINT WARNING * * *
You feel sick.
You take 1 damage, and have 1/40 hp.
You swing at nothing.
You swing at nothing.
You swing at nothing.
You die...

... █......... █..
█.████████ ███.█
█.█ █ █...█ █.█
..██ █.█.█ ..█████
..... █.█.█
......████
.......██.█.█
██████████<.....
............███...█
██>.....█
............†♣..█.█
█.......█
.....███.█████...█
█........ .... █.█
██.██ █......[. ...
█.█ █.█ ██....... .
█.█ █.█ █.......
..█ █.█ █.████.█
███ █.█ █.█ █.█ █.█
█.█ █.█ █.██████.█
█.█


There were no monsters in sight!

Vanquished Creatures
  An adder (D:2)
  2 giant geckos (D:1)
  5 bats
  2 giant cockroaches (D:1)
  3 goblins (D:1)
  3 hobgoblins
  A quokka (D:2)
  2 giant newts (D:1)
  3 kobolds (D:1)
  3 rats
25 creatures vanquished.

Notes
Turn   | Place    | Note
--------------------------------------------------------------
     0 | D:1      | Goblin1989, the Demonspawn Warper, began the quest for the Orb.
     0 | D:1      | Reached XP level 1. HP: 16/16 MP: 3/3
   372 | D:1      | Gained mutation: You have sharp fingernails. [demonic ancestry]
   372 | D:1      | Reached XP level 2. HP: 8/22 MP: 4/4
   905 | D:1      | Reached skill level 1 in Unarmed Combat
  1323 | D:2      | Found a shadowy altar of Dithmenos.
  1414 | D:2      | Found an opulent altar of Gozag.
  1487 | D:2      | Reached XP level 3. HP: 18/27 MP: 6/6
  1649 | D:2      | HP: 2/40 [poisoned by an adder]
  1656 | D:2      | Succumbed to an adder's poison

Action                   || total
-------------------------++-------
Melee: Hand axe          ||    26
       Unarmed           ||    96
  Use: Potion            ||     4
  Eat: Chunk             ||     2

Vault maps used:
D:1:      lightli_arrival_lavapool
D:2:      nicolae_overflow_crystal_walls, old_standard_altar
